 Dungeon Crawl Stone Soup version 0.28-a0-1184-g53156a8862 (webtiles) character file.

Game seed: 14964601273853735737

4602 fragbeetle the Spear-Bearer (level 10, 0/79 HPs)
             Began as a Merfolk Gladiator on Dec 17, 2021.
             Was a Priest of Qazlal.
             Slain by a killer bee (13 damage)
             ... on level 9 of the Dungeon.
             The game lasted 00:45:02 (10680 turns).

fragbeetle the Spear-Bearer (Merfolk Gladiator)    Turns: 10680, Time: 00:45:02

Health: 0/79       AC:  9    Str: 17    XL:     10   Next: 42%
Magic:  13/15      EV: 13    Int: 10    God:    Qazlal [***...]
Gold:   595        SH:  4    Dex: 15    Spells: 10/16 levels left

rFire   . . .      SeeInvis .   t - +3 spear
rCold   . . .      Faith    .   (no shield)
rNeg    . . .      Spirit   .   e - +0 troll leather armour {Pargi}
rPois   .          Reflect  .   c - +0 helmet
rElec   .          Harm     .   K - +0 cloak
rCorr   .          Rampage  .   l - +0 pair of gloves
Will    .....                   m - +0 pair of boots
Stlth   +.........              (no amulet)
HPRegen 1.03/turn               (no ring)
MPRegen 0.14/turn               (no ring)

@: lethally poisoned (0 -> -1), hasted, very quick
A: (nimble swimmer 2), mertail
a: Renounce Religion, Upheaval, Elemental Force


You were on level 9 of the Dungeon.
You worshipped Qazlal.
Qazlal was most pleased with you.
You visited 2 branches of the dungeon, and saw 10 of its levels.
You also visited: Sewer.

You collected 595 gold pieces.

Inventory:

Hand Weapons
 a - a +0 trident
 b - a +0 hunting sling
 t - a +3 spear (weapon)
Missiles
 d - 3 throwing nets (quivered)
 i - 336 stones
 u - a curare-tipped dart
 z - 8 poisoned darts
 G - 9 atropa-tipped darts
Armour
 c - a +0 helmet (worn)
 e - a +0 troll leather armour (worn) {Pargi}
 j - a +0 leather armour of positive energy
 l - a +0 pair of gloves (worn)
 m - a +0 pair of boots (worn)
 E - a +2 buckler
 I - +0 acid dragon scales
 K - a +0 cloak (worn)
Magical Staves
 y - a staff of death
 F - a staff of air
Wands
 q - a wand of iceblast (7)
 D - a wand of flame (36)
 H - a wand of acid (27)
 J - a wand of polymorph (26)
Scrolls
 f - 2 scrolls of summoning
 h - a scroll of fog {unknown}
 n - 3 scrolls of blinking
 r - 3 scrolls of vulnerability
 s - a scroll of amnesia {unknown}
 v - 3 scrolls of teleportation {unknown}
 w - 2 scrolls of brand weapon {unknown}
 x - 4 scrolls of fear
 A - 2 scrolls of torment {unknown}
Potions
 g - a potion of berserk rage
 o - 2 potions of haste
 p - a potion of cancellation
 B - a potion of brilliance {unknown}
 C - 2 potions of heal wounds {unknown}


   Skills:
 + Level 7.2 Fighting
 + Level 13.5 Polearms
 - Level 2.0 Throwing
 - Level 4.0 Armour
 - Level 4.4 Dodging
 + Level 2.1 Shields
 + Level 3.8 Spellcasting
 - Level 1.4 Conjurations
 + Level 6.4 Poison Magic


You had 10 spell levels left.
You knew the following spells:

 Your Spells              Type           Power      Damage    Failure   Level
a - Mephitic Cloud        Conj/Pois/Air  7%         N/A       30%         3
b - Ignite Poison         Fire/Tmut/Pois 6%         N/A       36%         3

Your spell library contained the following spells:

 Spells                   Type           Power      Damage    Failure   Level
 Sting                    Tmut/Pois      32%        1d4       9%          1
 Poisonous Vapours        Pois/Air       16%        N/A       12%         2
 Foxfire                  Conj/Fire      12%        2x1d4     22%         1
 Olgreb's Toxic Radiance  Pois           14%        N/A       22%         4
 Pain                     Necr           4%         1d4       30%         1
 Static Discharge         Conj/Air       3%         N/A       34%         2
 Conjure Flame            Conj/Fire      3%         6-21      56%         3
 Inner Flame              Hex/Fire       1%         N/A       67%         3
 Flame Wave               Conj/Fire      3%         2d4       92%         4
 Sticky Flame             Conj/Fire      3%         2d3       92%         4
 Cause Fear               Hex            0%         N/A       97%         4
 Dispel Undead            Necr           1%         3d6       97%         4
 Summon Lightning Spire   Summ/Air       1%         N/A       97%         4
 Agony                    Necr           1%         N/A       100%        5
 Excruciating Wounds      Necr           0%         N/A       100%        5
 Freezing Cloud           Conj/Ice/Air   1%         6-21      100%        5
 Summon Forest            Summ/Tloc      0%         N/A       100%        5
 Summon Mana Viper        Hex/Summ       1%         N/A       100%        5
 Summon Cactus Giant      Summ           0%         N/A       100%        6
 Discord                  Hex            0%         N/A       100%        8


Dungeon Overview and Level Annotations

Branches:
Dungeon (9/15)             Temple (1/1) D:5            Lair (0/6) D:9
  Sewer (visited)
    Orc: D:9-12

Altars:
Ashenzari
Cheibriados
Dithmenos
Elyvilon
Gozag
Hepliaklqana
Kikubaaqudgha
Makhleb
Nemelex Xobeh
Okawaru
Qazlal
Ru
Sif Muna
Trog
Uskayaw
Vehumet
Wu Jian
Zin
The Shining One

Shops:
D:3 *   D:8 [

Annotations:
D:7 4 runed translucent doors
D:8 Erica


Innate Abilities, Weirdness & Mutations

((You are quick and stealthy near water. (Stealth+, EV+, Speed+++)))
Your lower body shifts to a powerful aquatic tail in water.


Message History

You feel sick. The killer bee stings you! x2
You hit the killer bee but do no damage.
The killer bee is moderately wounded.
You feel sick. The killer bee stings you.
You feel yourself speed up.
You feel sick. The killer bee stings you.
The killer bee stings you but does no damage.
The killer bee stings you!
* * * LOW HITPOINT WARNING * * *
You are more poisoned.
The killer bee poisons you!
You hear an angry buzzing noise.
You puncture the killer bee!
The killer bee is severely wounded.
You feel sick. The killer bee barely misses you.
You puncture the killer bee!
You kill the killer bee!
Qazlal accepts your kill.
You feel sick.
You miss the killer bee.
You feel sick.
You closely miss the killer bee. You block the killer bee's attack.
You puncture the killer bee!
The killer bee is heavily wounded.
You feel sick. The killer bee barely misses you.
You hit the killer bee.
The killer bee is almost dead.
You feel sick.
You miss the killer bee.
The killer bee is almost dead.
The killer bee barely misses you.
You closely miss the killer bee.
The killer bee is almost dead.
You feel sick. The killer bee stings you!
* * * LOW HITPOINT WARNING * * *
You hit the killer bee.
You kill the killer bee!
Qazlal accepts your kill.
You closely miss the killer bee.
You feel sick. The killer bee closely misses you.
You barely miss the killer bee. The killer bee stings you!
You die...

#.#####.#
######.#####.#
..........##.#
######.##.##.#
#....##.####
#..........#
##.#######.##
### #.# #..#
..# .# ##@#
..# .# #y##
..# #y.## †.#
##..# ..# #''#
### ..!.. ##
.P..P..P >####
..P..P..P#
....#
P.....P..P#


You could see a queen bee and a killer bee (berserk).

Vanquished Creatures
  3 yaks (D:9)
  2 wyverns
  An acid dragon (D:7)
  3 orc warriors
  5 ice beasts
  Pargi (Sewer)
  2 sky beasts
  An ogre (D:4)
  A necrophage (D:8)
  A phantom (D:5)
  2 kobold brigands
  2 bullfrogs
  4 scorpions
  A gnoll sergeant (D:7)
  A water moccasin zombie (D:7)
  A wyvern skeleton (D:5)
  11 killer bees
  4 wights (D:8)
  3 howler monkeys (D:8)
  2 centaur zombies (D:7)
  3 bullfrog skeletons
  A hound (D:5)
  4 jellies
  2 orc priests
  7 iguanas
  8 orc wizards
  A mummy (D:3)
  2 hound skeletons (D:4)
  10 gnolls
  4 adders
  2 shadow imps
  An ufetubus (D:5)
  An adder zombie (D:5)
  4 worms
  33 orcs
  11 bats
  12 endoplasms
  A giant cockroach (D:2)
  6 goblins
  6 hobgoblins
  9 jackals
  16 kobolds
  3 quokkas
  4 ball pythons
  A frilled lizard (D:1)
  4 rats
207 creatures vanquished.

Vanquished Creatures (others)
  An orc wizard (D:8)
  37 plants
38 creatures vanquished.

Grand Total: 245 creatures vanquished

Notes
Turn   | Place    | Note
-------+----------+-------------------------------------------
     0 | D:1      | fragbeetle the Merfolk Gladiator began the quest for the
                  | Orb.
     0 | D:1      | Reached XP level 1. HP: 16/16 MP: 1/1
    71 | D:1      | Reached XP level 2. HP: 7/23 MP: 2/2
   394 | D:1      | Reached XP level 3. HP: 28/28 MP: 3/3
   669 | D:1      | Reached skill level 5 in Polearms
   865 | D:1      | Reached skill level 1 in Armour
  1257 | D:2      | Found a sacrificial altar of Ru.
  1306 | D:2      | Found a faded altar of an unknown god.
  1813 | D:2      | Reached XP level 4. HP: 31/34 MP: 4/4
  2267 | D:3      | Learned a level 3 spell: Mephitic Cloud
  2393 | D:3      | Found an opulent altar of Gozag.
  2395 | D:3      | Found Gozag's Platinum Reserve.
  2730 | D:3      | Found a snail-covered altar of Cheibriados.
  3381 | D:4      | Reached skill level 6 in Polearms
  3384 | D:4      | Reached XP level 5. HP: 40/40 MP: 5/5
  3640 | D:4      | Reached skill level 1 in Conjurations
  3993 | D:4      | Reached skill level 7 in Polearms
  3993 | D:4      | Reached XP level 6. HP: 24/46 MP: 6/6
  4314 | D:4      | Found a sparkling altar of Nemelex Xobeh.
  4615 | D:5      | Entered Level 5 of the Dungeon
  4621 | D:5      | Found a staircase to the Ecumenical Temple.
  4874 | D:5      | Reached skill level 1 in Poison Magic
  4905 | Temple   | Entered the Ecumenical Temple
  5235 | Temple   | Became a worshipper of Qazlal Stormbringer
  5319 | D:5      | Noticed an ice beast
  5383 | D:5      | Reached XP level 7. HP: 23/52 MP: 7/7
  5449 | D:4      | Reached skill level 8 in Polearms
  5986 | D:5      | Reached skill level 9 in Polearms
  5986 | D:5      | Reached XP level 8. HP: 20/60 MP: 8/8
  6855 | D:5      | Reached * piety under Qazlal
  7088 | D:5      | Learned a level 3 spell: Ignite Poison
  7245 | D:5      | Reached skill level 10 in Polearms
  7592 | D:6      | Found a glowing drain.
  7605 | Sewer    | Entered a sewer
  7660 | Sewer    | Noticed Pargi
  7678 | Sewer    | Killed Pargi
  7679 | Sewer    | Reached skill level 5 in Fighting
  8227 | D:7      | Noticed a wyvern
  8243 | D:7      | Killed a wyvern
  8244 | D:7      | Reached skill level 11 in Polearms
  8244 | D:7      | Reached XP level 9. HP: 33/68 MP: 8/10
  8423 | D:7      | Found an ancient bone altar of Kikubaaqudgha.
  8650 | D:7      | Reached skill level 1 in Spellcasting
  8733 | D:7      | Found a large runed translucent door.
  8734 | D:7      | Found a large runed translucent door.
  8839 | D:7      | Reached skill level 12 in Polearms
  8844 | D:7      | Reached skill level 5 in Poison Magic
  8896 | D:7      | Found a large runed translucent door.
  8896 | D:7      | Found a large runed translucent door.
  8940 | D:7      | Reached ** piety under Qazlal
  8974 | D:7      | Noticed a green ugly thing
  8987 | D:7      | HP: 2/69 [poisoned by a green ugly thing]
  9593 | D:8      | Noticed Erica
  9607 | D:8      | Reached skill level 13 in Polearms
  9607 | D:8      | Reached XP level 10. HP: 73/77 MP: 14/14
  9668 | D:8      | Found Wushenn's Armour Emporium.
  9671 | D:8      | Found a broken altar of Ashenzari.
 10436 | D:9      | Reached skill level 1 in Shields
 10447 | D:9      | Reached *** piety under Qazlal
 10481 | D:9      | Found a hazy altar of Hepliaklqana.
 10502 | D:9      | Found a staircase to the Lair.
 10506 | D:9      | Got the Catalogue of Creative Lightness
 10680 | D:9      | Slain by a killer bee

Illustrated notes

Levels and vault maps discovered:
D:1:      dpeg_arrival_rooms_a, layout_loops_ring
D:2:      layout_basic, ebering_ecumenical_altar_rust, basic_altar,
          st_stairs_13, chequers_serial_rivers_micro_a, grunt_ministairs_4,
          minmay_tetromino_t2
D:3:      layout_loops_corners, nicolae_gozag_zags_fifth_avenue,
          chei_slow_surprise
D:4:      layout_cave_pools, mainiacjoe_overflow_concentric_impassable,
          serial_bayou, serial_bayou_pond_e, serial_bayou_ford_a,
          serial_bayou_lagoon_a, serial_bayou_pond_a
D:5:      minmay_octagon_keep, layout_gridville, minmay_temple_entry_statues,
          hangedman_decor_lopped
D:6:      layout_loops_cross, portal_sewer_entry_d
D:7:      layout_loops_cross, lemuel_crystal_altar,
          minmay_hollow_rounded_squares
D:8:      layout_cave_pods, ashenzari_conservatory_becter, serial_shops, shop,
          corexii_corridor_pit, uniq_erica
D:9:      layout_loops_cross, kennysheep_mini_moat,
          mainiacjoe_overflow_alcove_2, lemuel_zombie_altar_yredelemnul,
          lair_entry_dummy, ebering_ghost_funeral_grove,
          nicolae_looking_at_the_future, uniq_prince_ribbit1
Temple:   minmay_temple_curvy_branch

Skill      XL: |  1  2  3  4  5  6  7  8  9 10 |
---------------+-------------------------------+-----
Polearms       | 5 6 7 9 11 13 | 13.5
Armour         | 1 2 3 4 |  4.0
Conjurations   | 1 |  1.4
Fighting       | 3 4 5 6 7 |  7.2
Poison Magic   | 1 2 4 5 6 |  6.4
Spellcasting   | 3 |  3.8
Shields        | 2 |  2.1
Throwing       | |  2.0
Dodging        | |  4.4

Action                   |  1- 3 |  4- 6 |  7- 9 | 10-12 || total
-------------------------+-------+-------+-------+-------++-------
Melee: Trident           |   129 |   167 |   475 |       ||   771
       Tailslap          |       |     4 |     1 |       ||     5
       Spear             |       |       |    54 |   186 ||   240
 Fire: Hunting sling     |       |     2 |     8 |       ||    10
 Cast: Mephitic Cloud    |       |       |       |     5 ||     5
       Ignite Poison     |       |       |       |     2 ||     2
Evoke: Wand              |       |       |    16 |       ||    16
  Use: Potion            |       |     3 |     5 |     1 ||     9
       Scroll            |       |       |     8 |       ||     8
 Stab: Sleeping          |     2 |       |       |       ||     2
Armor: Leather armour    |    26 |       |       |       ||    26
       Ring mail         |    10 |    43 |   102 |       ||   155
       Skin              |       |       |    18 |       ||    18
       Troll leather arm |       |       |    70 |    25 ||    95
Dodge: Dodged            |   114 |    66 |   217 |    60 ||   457
Block: Other             |       |       |    16 |    11 ||    27
       Buckler           |       |       |     2 |       ||     2

Table legend: (Time is in decaauts)
 A = Elapsed time spent in this place.
 B = Non-inter-level travel time spent in this place.
 C = Inter-level travel time spent in this place.
 D = Time resting spent in this place.
 E = Time spent auto-exploring this place.
 F = Levels seen in this place.
 G = Mean time per level.
                   A        B        C        D        E       F      G
               +--------+--------+--------+--------+--------+-----+--------+
         Total |  10379 |  10125 |    254 |   2163 |   2861 |  11 |  943.5 |
       Dungeon |   9861 |   9607 |    254 |   2163 |   2536 |   9 | 1095.7 |
        Temple |    401 |    401 |      0 |      0 |    325 |   1 |  401.0 |
         Sewer |    115 |    115 |      0 |      0 |      0 |   1 |  115.0 |
               +--------+--------+--------+--------+--------+-----+--------+

Top non-repeatable levels by time:
     D:5: 1816 daAuts
     D:4: 1595 daAuts
     D:3: 1251 daAuts
     D:8: 1144 daAuts
     D:1: 1141 daAuts
     D:2: 1099 daAuts
     D:7: 901 daAuts
     D:6: 680 daAuts
  Temple: 401 daAuts
     D:9: 231 daAuts
   Sewer: 115 daAuts
